[Event "ICCopen2017"]
[Site "Internet Chess Club"]
[Date "2017.03.26"]
[Round "2"]
[White "arnav311004"]
[Black "Vogel"]
[Result "1-0"]
[ICCResult "Black disconnected and forfeits"]
[WhiteElo "1646"]
[BlackElo "2166"]
[Opening "Queen's Indian: old main line, 9.Qxc3"]
[ECO "E19"]
[NIC "QI.11"]
[Time "19:18:12"]
[TimeControl "180+0"]

1. Nf3 Nf6 2. g3 b6 3. Bg2 Bb7 4. O-O e6 5. d4 Be7 6. c4 O-O 7. Nc3 Ne4 8.
Qc2 Nxc3 9. Qxc3 d6 10. Qc2 c5 11. Ng5 Bxg5 12. Bxb7 Bxc1 13. Raxc1 Nd7 14.
Bxa8 Qxa8 15. dxc5 dxc5 16. Rfd1 Nf6 17. f3 h5 18. Rd6 Re8 19. Rcd1 e5 20.
e4 h4 21. Qd2 hxg3 22. hxg3 Qb7 23. Kg2 Qa6 24. b3 Qb7 25. Rd8 Kh7 26. Rxe8
Nxe8 27. Qg5 Qc7 28. Qf5+ g6 29. Qd7 Qb8 30. Qxf7+ Ng7 31. Rd7 Qh8 32. Rxa7
Kh6 33. Qxg7+ Qxg7 34. Rxg7 Kxg7 35. Kh3 Kf6 36. Kg4 g5 37. Kh5 g4 38. fxg4
Kg7 39. g5 Kf7 40. Kh6 Ke6 41. Kg6 b5 42. cxb5 Kd6 43. Kf6 Kc7 44. g6 Kb6
45. g7 Kxb5 46. g8=Q Kb4 47. Qc4+ Ka3 48. Qxc5+ Kxa2 49. b4
{Black disconnected and forfeits}
1-0

[Event "ICCopen2017"]
[Site "Internet Chess Club"]
[Date "2017.03.26"]
[Round "2"]
[White "hgarjur"]
[Black "DreadHead"]
[Result "0-1"]
[ICCResult "White resigns"]
[WhiteElo "1905"]
[BlackElo "2432"]
[Opening "Bird's opening"]
[ECO "A02"]
[NIC "VO.07"]
[Time "19:18:13"]
[TimeControl "180+0"]

1. f4 g6 2. g3 Bg7 3. Bg2 d6 4. Nf3 Nf6 5. d3 O-O 6. e4 Nc6 7. h3 e5 8. O-O
exf4 9. gxf4 Nh5 10. Kh2 f5 11. Nc3 fxe4 12. dxe4 Nxf4 13. Nd5 Nxg2 14. Kxg2
Ne5 15. Bg5 Qd7 16. Ne7+ Kh8 17. Nxc8 Raxc8 18. c3 Nxf3 19. Rxf3 Rxf3 20.
Qxf3 Rf8 21. Qe3 b6 22. Re1 Qe6 23. b3 a5 24. c4 Re8 25. h4 a4 26. Re2 a3
27. Qf3 Rf8 28. Qe3 Qg4+ 29. Kh2 Rf3 30. Qxf3 Qxf3 31. Re1 Qf2+ {White
resigns} 0-1

[Event "ICCopen2017"]
[Site "Internet Chess Club"]
[Date "2017.03.26"]
[Round "2"]
[White "tigerr"]
[Black "Cubitas"]
[Result "1-0"]
[ICCResult "Black resigns"]
[WhiteElo "2006"]
[BlackElo "2452"]
[Opening "Sicilian defense"]
[ECO "B20"]
[NIC "SI.48"]
[Time "19:17:52"]
[TimeControl "180+0"]

1. e4 c5 2. f3 d6 3. f4 Nc6 4. Nf3 g6 5. Bc4 Bg7 6. O-O e6 7. d3 Nge7 8. a3
O-O 9. Be3 Rb8 10. c3 b5 11. Ba2 a5 12. Nbd2 b4 13. axb4 axb4 14. Rc1 bxc3
15. bxc3 Qa5 16. Bb1 d5 17. e5 Qa3 18. c4 Nf5 19. Bf2 Nfd4 20. cxd5 exd5 21.
Nxd4 Nxd4 22. Bxd4 cxd4 23. Nf3 Bg4 24. h3 Bxf3 25. Qxf3 Rb5 26. Rc2 Rfb8
27. Ba2 Qa5 28. Rfc1 Bf8 29. f5 gxf5 30. Qxf5 Qa6 31. Rf2 Qg6 32. Qf3 Bh6
33. Rcf1 Be3 34. Bxd5 Rb2 35. Bxf7+ Kh8 36. Bxg6 Rxf2 37. Rxf2 hxg6 38. Qf6+
{Black resigns}
1-0

[Event "ICCopen2017"]
[Site "Internet Chess Club"]
[Date "2017.03.26"]
[Round "2"]
[White "GrandPatzer5"]
[Black "Trentosk"]
[Result "0-1"]
[ICCResult "White forfeits on time"]
[WhiteElo "1952"]
[BlackElo "2547"]
[Opening "King's Indian: Four pawns attack"]
[ECO "E76"]
[NIC "KI.31"]
[Time "19:17:17"]
[TimeControl "180+0"]

1. c4 g6 2. Nc3 Bg7 3. d4 Nf6 4. e4 d6 5. f4 Na6 6. Nf3 e5 7. fxe5 dxe5 8.
d5 Nc5 9. Bd3 O-O 10. O-O h6 11. h3 c6 12. Be3 Nxd3 13. Qxd3 cxd5 14. cxd5
Ne8 15. Rac1 Nd6 16. Rc2 Bd7 17. Rcf2 b6 18. Nh2 Rc8 19. b3 Rxc3 20. Qxc3
Nxe4 21. Qc1 Nxf2 22. Rxf2 Kh7 23. d6 Be6 24. Rd2 Qd7 25. Qc7 Rc8 26. Qxd7
Bxd7 27. Nf3 f6 28. Kf2 Bf8 29. g4 Rc6 30. Rd3 Rxd6 31. Rxd6 Bxd6 32. Nd2
Bc6 33. Nc4 Bc7 34. a4 Kg7 35. Kg3 f5 36. gxf5 gxf5 37. Kf2 f4 38. Bc1 Kf6
39. Nd2 Kf5 40. Nf3 Bxf3 41. Kxf3 e4+ 42. Kf2 Bd6 43. Ke2 f3+ 44. Kf2 Bc5+
45. Kf1 e3 46. Ke1 Ke4 47. Bb2 Kd3 {White forfeits on time} 0-1

[Event "ICCopen2017"]
[Site "Internet Chess Club"]
[Date "2017.03.26"]
[Round "2"]
[White "chabotheking"]
[Black "FytinFrank"]
[Result "1-0"]
[ICCResult "Black resigns"]
[WhiteElo "2481"]
[BlackElo "1894"]
[Opening "Caro-Kann defense"]
[ECO "B11"]
[NIC "CK.01"]
[Time "19:18:00"]
[TimeControl "180+0"]

1. e4 c6 2. Nc3 g6 3. d3 d5 4. g3 Bg7 5. Bg2 e6 6. Nf3 h5 7. h3 Ne7 8. O-O
Nd7 9. Bg5 f6 10. Be3 e5 11. d4 dxe4 12. Nxe4 Nf5 13. dxe5 Nxe3 14. Nd6+ Kf8
15. fxe3 Qb6 16. Kh2 f5 17. e4 Nxe5 18. Nxe5 Bxe5 19. exf5 h4 20. fxg6+ Kg7
21. Rf7+ Kxg6 22. Be4+ Kh6 23. Qd2+ Kh5 24. Kh1 Bxh3 25. gxh4 Kxh4 26. Rg1
Bg4 27. Bg6 Rag8 28. Nf5+ Bxf5 29. Qe1+ Kh3 30. Bxf5+ {Black resigns} 1-0

[Event "ICCopen2017"]
[Site "Internet Chess Club"]
[Date "2017.03.26"]
[Round "2"]
[White "jps7"]
[Black "Kusox"]
[Result "0-1"]
[ICCResult "White checkmated"]
[WhiteElo "1548"]
[BlackElo "2194"]
[Opening "King's Indian: East Indian defense"]
[ECO "A48"]
[NIC "QP.06"]
[Time "19:17:01"]
[TimeControl "180+0"]

1. d4 Nf6 2. Nf3 g6 3. e3 Bg7 4. Bd3 O-O 5. O-O b6 6. b3 Bb7 7. Bb2 e6 8.
Nbd2 d5 9. c4 Nbd7 10. Qc2 c5 11. Ne5 Nxe5 12. dxe5 Ng4 13. Nf3 dxc4 14. Be4
cxb3 15. axb3 Qc7 16. Bxb7 Qxb7 17. h3 Nh6 18. Rad1 Rfd8 19. Rxd8+ Rxd8 20.
Rd1 Rxd1+ 21. Qxd1 Qd5 22. Qa1 Qxb3 23. Bc3 a5 24. Nd2 Qb5 25. Ne4 Nf5 26.
Nd6 Nxd6 27. exd6 Bxc3 28. Qxc3 Qd7 29. Qe5 f6 30. Qxf6 Qxd6 31. f4 c4 32.
h4 b5 33. h5 Qd1+ 34. Kf2 Qd2+ 35. Kf3 Qd5+ 36. Kg3 gxh5 37. Kh4 Qf5 38.
Qd8+ Kg7 39. Qe7+ Kh6 40. Qa7 Qg4# {White checkmated} 0-1

[Event "ICCopen2017"]
[Site "Internet Chess Club"]
[Date "2017.03.26"]
[Round "2"]
[White "Mercury"]
[Black "schiele"]
[Result "1-0"]
[ICCResult "Black checkmated"]
[WhiteElo "2160"]
[BlackElo "1739"]
[Opening "Ruy Lopez: Cozio defense deferred"]
[ECO "C70"]
[NIC "RL.09"]
[Time "19:16:56"]
[TimeControl "180+0"]

1. e4 e5 2. Nf3 Nc6 3. Bb5 a6 4. Ba4 Nge7 5. Bb3 d5 6. O-O Bg4 7. h3 Bh5 8.
exd5 Nxd5 9. Re1 Be7 10. d4 Nxd4 11. g4 Bg6 12. Nxd4 exd4 13. Qxd4 Nf6 14.
Qb4 b5 15. Nc3 Kf8 16. Qf4 Bd6 17. Qf3 h5 18. g5 Nd7 19. Bf4 Nc5 20. Bd5 Rb8
21. Rad1 b4 22. Ne4 Nxe4 23. Bxe4 Bxe4 24. Rxe4 g6 25. h4 Kg7 26. Be5+ Kh7
27. Qxf7# {Black checkmated} 1-0

[Event "ICCopen2017"]
[Site "Internet Chess Club"]
[Date "2017.03.26"]
[Round "2"]
[White "rosen"]
[Black "GnowReopard"]
[Result "0-1"]
[ICCResult "White forfeits on time"]
[WhiteElo "1049"]
[BlackElo "2613"]
[Opening "Scotch game"]
[ECO "C45"]
[NIC "SO.05"]
[Time "19:16:54"]
[TimeControl "180+0"]

1. e4 Nc6 2. Nf3 e5 3. d4 exd4 4. Nxd4 Bc5 5. Nxc6 Qf6 6. Qe2 dxc6 7. Nd2
Ne7 8. Nf3 Bg4 9. e5 Qg6 10. h3 Bxf3 11. Qxf3 O-O 12. Bd3 Qe6 13. O-O Ng6
14. Bf4 Nxf4 15. Qxf4 Rad8 16. Rae1 b5 17. Qh4 g6 18. a3 Bd4 19. c3 Bxf2+
20. Qxf2 Rxd3 21. Qxa7 Rg3 22. Rf2 Qxh3 23. Qxc7 Qe6 24. Qd6 Re8 25. Qxe6
Rxe6 26. Kh2 Rd3 27. Rf3 Rd2 28. Rb1 Rxe5 29. Rbf1 f5 30. Kg3 Ree2 31. R3f2
Rxb2 32. Rxe2 Rxe2 33. Rf3 Ra2 34. Re3 Kf7 35. Rd3 Rxa3 36. Rd7+ Kf6 37.
Rxh7 Rxc3+ 38. Kh2 b4 {White forfeits on time} 0-1

[Event "ICCopen2017"]
[Site "Internet Chess Club"]
[Date "2017.03.26"]
[Round "2"]
[White "kobayashi"]
[Black "Tal-Baron"]
[Result "0-1"]
[ICCResult "White resigns"]
[WhiteElo "2037"]
[BlackElo "2773"]
[Opening "French: advance, Paulsen attack"]
[ECO "C02"]
[NIC "FR.03"]
[Time "19:17:09"]
[TimeControl "180+0"]

1. e4 e6 2. d4 d5 3. e5 c5 4. c3 Nc6 5. Nf3 Nh6 6. a3 Nf5 7. b4 cxd4 8. cxd4
Bd7 9. Bb2 b5 10. Bxb5 Nxe5 11. Bxd7+ Nxd7 12. O-O Bd6 13. Nc3 O-O 14. Qd3
Nb6 15. Ne5 Rc8 16. Rac1 Bxe5 17. dxe5 Nc4 18. Qe2 Nd4 19. Qg4 Nc6 20. Ba1
N6xe5 21. Qg3 Ng6 22. Rfd1 Qh4 23. Qxh4 Nxh4 24. Nb5 a6 25. Nd4 Nxa3 26. Nc6
Ng6 27. h4 Nc4 28. h5 Rxc6 29. hxg6 hxg6 30. Bd4 Rb8 31. Bc5 a5 32. Rb1 Na3
33. Rb3 Rxc5 34. Rxa3 axb4 35. Ra7 b3 36. Rb1 b2 {White resigns} 0-1

[Event "ICCopen2017"]
[Site "Internet Chess Club"]
[Date "2017.03.26"]
[Round "2"]
[White "nino-dg"]
[Black "RdgMx"]
[Result "1-0"]
[ICCResult "Black resigns"]
[WhiteElo "2384"]
[BlackElo "1839"]
[Opening "French: Rubinstein variation"]
[ECO "C03"]
[NIC "FR.07"]
[Time "19:16:55"]
[TimeControl "180+0"]

1. e4 e6 2. d4 d5 3. Nd2 dxe4 4. Nxe4 Nd7 5. Nf3 Ngf6 6. Nxf6+ Nxf6 7. Bd3
Be7 8. O-O O-O 9. b3 b6 10. Bb2 Bb7 11. c4 Re8 12. Qe2 Qc8 13. Ne5 c5 14.
Rad1 cxd4 15. Bxd4 Rd8 16. Bb1 Bc5 17. Bb2 Rxd1 18. Rxd1 Qc7 19. Ng4 Nxg4
20. Qxg4 Bf8 21. Qh4 h6 22. Qd4 Qc6 23. Qg4 Qc7 24. Qh4 Qc6 25. Qg3 Re8 26.
f3 Bc5+ 27. Kh1 Bf8 28. Be4 Qc8 29. Bb1 Qc6 30. Qe5 Qc5 31. Qxc5 Bxc5 32.
Rd7 Bc6 33. Rd1 a5 34. Bc2 f6 35. Bd4 Rd8 36. Bxc5 Rxd1+ 37. Bxd1 bxc5 38.
Kg1 Kf7 39. Kf2 e5 40. Bc2 Ke6 41. g4 Be8 42. Bf5+ Kd6 43. h4 g6 44. Bc8 Bf7
45. Ke3 Be8 46. Bb7 a4 47. bxa4 Bxa4 48. Be4 Be8 49. Kd3 Ke6 50. Kc3 f5 51.
gxf5+ gxf5 52. Bd5+ Kd6 53. Kb3 Bg6 54. a4 e4 55. fxe4 fxe4 56. Kc3 Ke5 57.
a5 Bf5 58. a6 Bc8 59. a7 {Black resigns} 1-0

[Event "ICCopen2017"]
[Site "Internet Chess Club"]
[Date "2017.03.26"]
[Round "2"]
[White "trianon"]
[Black "YHWH"]
[Result "1-0"]
[ICCResult "Black resigns"]
[WhiteElo "2306"]
[BlackElo "1510"]
[Opening "QGA, 4.e3"]
[ECO "D25"]
[NIC "QG.08"]
[Time "19:18:10"]
[TimeControl "180+0"]

1. Nf3 d5 2. d4 Nf6 3. c4 dxc4 4. e3 b5 5. a4 c6 6. axb5 cxb5 7. b3 Qc7 8.
bxc4 b4 9. Qa4+ Bd7 10. Qxb4 Nc6 11. Qb2 Rb8 12. Qd2 e6 13. Nc3 Bb4 14. Bb2
Ne4 15. Qc2 Nxc3 16. Bxc3 O-O 17. Be2 Na5 18. Bxb4 Rxb4 19. O-O Nxc4 20. Ne5
Bb5 21. Rfc1 Rb2 22. Qxb2 Nxb2 23. Rxc7 Bxe2 24. Rc2 Bb5 25. Rxb2 a6 26. h3
f6 27. Nf3 Rc8 28. Nd2 h6 29. Ne4 Kf7 30. Nd6+ {Black resigns} 1-0

[Event "ICCopen2017"]
[Site "Internet Chess Club"]
[Date "2017.03.26"]
[Round "2"]
[White "king-lear"]
[Black "BillietheKid"]
[Result "1-0"]
[ICCResult "Black forfeits on time"]
[WhiteElo "1901"]
[BlackElo "1431"]
[Opening "QGD Slav: 4.e3"]
[ECO "D11"]
[NIC "QP.06"]
[Time "19:17:01"]
[TimeControl "180+0"]

1. d4 Nf6 2. Nf3 d5 3. c4 c6 4. e3 e6 5. b3 Bd6 6. Bb2 Nbd7 7. Bd3 O-O 8.
Nbd2 a6 9. Ne5 Qc7 10. f4 Ne8 11. O-O f6 12. Qh5 f5 13. Rf3 g6 14. Qh4 Nxe5
15. fxe5 Be7 16. Qf2 Ng7 17. Kh1 Bd7 18. Rg1 b5 19. c5 Qd8 20. a3 Nh5 21. g4
fxg4 22. Rxg4 Rxf3 23. Nxf3 Ng7 24. Qg2 Nf5 25. Bc1 Be8 26. Bd2 a5 27. Ng5
Bxg5 28. Rxg5 b4 29. a4 Ra7 30. Rg4 Rf7 31. Qg1 Nh4 32. Be2 Nf5 33. Be1 Qe7
34. h4 Qf8 35. Rg5 {Black forfeits on time} 1-0

[Event "ICCopen2017"]
[Site "Internet Chess Club"]
[Date "2017.03.26"]
[Round "2"]
[White "OTBB"]
[Black "ChessOptimist"]
[Result "0-1"]
[ICCResult "White resigns"]
[WhiteElo "1586"]
[BlackElo "2071"]
[Opening "Dutch: Leningrad, main variation with Nc6"]
[ECO "A89"]
[NIC "HD.06"]
[Time "19:17:33"]
[TimeControl "180+0"]

1. d4 f5 2. g3 Nf6 3. Bg2 g6 4. Nf3 Bg7 5. O-O O-O 6. c4 d6 7. Nc3 Nc6 8.
Qc2 e5 9. dxe5 dxe5 10. e4 Bd7 11. exf5 gxf5 12. Bg5 h6 13. Bxf6 Bxf6 14.
Nd5 Bg7 15. Rae1 e4 16. Nh4 Ne5 17. Rd1 c6 18. Nf4 Qe8 19. c5 Kh7 20. Rd6
Bf6 21. Rfd1 Rf7 22. Rxd7 Rxd7 23. Nxf5 Rxd1+ 24. Qxd1 Rd8 25. Nd6 Qg8 26.
Qe2 Rd7 27. Qxe4+ Kh8 28. Bh3 Re7 29. Bf5 Bg5 30. Qd4 Qg7 31. Nh5 Nf3+ 32.
Kg2 Qxd4 {White resigns} 0-1

[Event "ICCopen2017"]
[Site "Internet Chess Club"]
[Date "2017.03.26"]
[Round "2"]
[White "icewoman"]
[Black "Shafkat"]
[Result "0-1"]
[ICCResult "White forfeits on time"]
[WhiteElo "1072"]
[BlackElo "1659"]
[Opening "Queen's pawn game"]
[ECO "D04"]
[NIC "QP.08"]
[Time "19:17:13"]
[TimeControl "180+0"]

1. d4 d5 2. Nf3 Nf6 3. e3 g6 4. Bd3 Bg7 5. b3 O-O 6. Bb2 c6 7. O-O Nbd7 8.
Nbd2 Re8 9. Ne5 Nxe5 10. dxe5 Nd7 11. f4 Nc5 12. Be2 b6 13. Nf3 Ne4 14. Ng5
Nxg5 15. fxg5 Qc7 16. c4 Bxe5 17. Bxe5 Qxe5 18. cxd5 Qxe3+ 19. Kh1 Qxg5 20.
dxc6 Qc5 21. Rc1 Qd6 22. Qc2 Bf5 23. Qc4 Rac8 24. c7 Be6 25. Qe4 Rxc7 26.
Bc4 Bxc4 27. bxc4 Rec8 28. Qf3 f6 29. Qb3 Kg7 30. Qf3 Rxc4 31. Qe3 Rxc1 32.
Rxc1 Rxc1+ 33. Qxc1 h5 34. h3 h4 35. Qf4 Qxf4 36. g3 Qxg3 37. a4 Qxh3+
{White forfeits on time}
0-1

[Event "ICCopen2017"]
[Site "Internet Chess Club"]
[Date "2017.03.26"]
[Round "2"]
[White "halski"]
[Black "EngHany"]
[Result "1-0"]
[ICCResult "Black forfeits on time"]
[WhiteElo "2412"]
[BlackElo "1845"]
[Opening "Nimzovich-Larsen attack: classical variation"]
[ECO "A01"]
[NIC "VO.08"]
[Time "19:17:00"]
[TimeControl "180+0"]

1. b3 d5 2. Bb2 Nf6 3. e3 Bf5 4. f4 e6 5. Nf3 Be7 6. Be2 h6 7. Ne5 O-O 8. d3
Nbd7 9. Nd2 Nxe5 10. fxe5 Nd7 11. O-O Bg6 12. Bh5 Bxh5 13. Qxh5 c5 14. Rf3
Bg5 15. Raf1 f5 16. exf6 Nxf6 17. Qh3 Qd6 18. g3 Nd7 19. Qg2 Rxf3 20. Rxf3
Rf8 21. Rxf8+ Qxf8 22. Nf1 Qf5 23. Qf2 Qh3 24. Nd2 Nf6 25. Nf3 Ng4 26. Nxg5
hxg5 27. Qe2 Nf6 28. c4 Qf5 29. Kg2 g4 30. cxd5 exd5 31. Qf1 Qe6 32. Qf4 d4
33. e4 Nd7 34. Bc1 Ne5 35. Qf1 Nf3 36. Bf4 g5 37. Bc1 Qh6 38. h4 gxh3+ 39.
Kxf3 h2 40. Kg2 {Black forfeits on time} 1-0

[Event "ICCopen2017"]
[Site "Internet Chess Club"]
[Date "2017.03.26"]
[Round "2"]
[White "FiveCardDraw"]
[Black "flashlight"]
[Result "0-1"]
[ICCResult "White checkmated"]
[WhiteElo "1498"]
[BlackElo "2032"]
[Opening "Benkö gambit: Ne2 variation"]
[ECO "A58"]
[NIC "BI.41"]
[Time "19:17:33"]
[TimeControl "180+0"]

1. d4 Nf6 2. c4 c5 3. d5 b5 4. cxb5 a6 5. bxa6 g6 6. Nc3 Bxa6 7. e4 Bxf1 8.
Kxf1 d6 9. Nge2 Bg7 10. h3 Nbd7 11. Kg1 O-O 12. Kh2 Qa5 13. Qc2 Rfb8 14. Rd1
Rb4 15. Kg1 Qb6 16. a4 Ne5 17. Rb1 Rb8 18. Nb5 Nxe4 19. b3 Nf6 20. Ba3 Rh4
21. Nec3 Ned7 22. Kh2 Qb7 23. g3 Rh5 24. Qd2 Ne5 25. Kg2 Qd7 26. f4 Qxh3+
27. Kf2 Qh2+ 28. Ke3 Qxg3+ 29. Ke2 Rh2+ 30. Kf1 Qf3+ 31. Ke1 Rh1#
{White checkmated}
0-1

[Event "ICCopen2017"]
[Site "Internet Chess Club"]
[Date "2017.03.26"]
[Round "2"]
[White "mrneale"]
[Black "tsedaka26"]
[Result "0-1"]
[ICCResult "White checkmated"]
[WhiteElo "1109"]
[BlackElo "1596"]
[Opening "King's pawn opening"]
[ECO "B07"]
[NIC "VO.17"]
[Time "19:18:18"]
[TimeControl "180+0"]

1. e4 d6 2. d4 c6 3. Nf3 Nd7 4. Nc3 g6 5. e5 Bg7 6. exd6 exd6 7. Qe2+ Ne7 8.
Bg5 Nf6 9. Bxf6 Bxf6 10. O-O-O O-O 11. Qd2 b5 12. Bd3 d5 13. Ne5 b4 14. Ne2
c5 15. Nf3 c4 16. Qxb4 cxd3 17. Rxd3 Bf5 18. Rd2 Nc6 19. Qc5 Rc8 20. Nc3 Be6
21. Ne5 Nxe5 22. Qb5 Nc4 23. Re2 Rb8 24. Qc5 Bg5+ 25. Kb1 Rxb2+ 26. Ka1 Be7
27. Qa3 Bxa3 28. Nd1 Qb6 29. Nxb2 Qxb2# {White checkmated} 0-1

[Event "ICCopen2017"]
[Site "Internet Chess Club"]
[Date "2017.03.26"]
[Round "2"]
[White "sacov"]
[Black "Sophiste"]
[Result "0-1"]
[ICCResult "White resigns"]
[WhiteElo "2136"]
[BlackElo "3174"]
[Opening "Modern defense"]
[ECO "E61"]
[NIC "QO.17"]
[Time "19:18:18"]
[TimeControl "180+0"]

1. d4 g6 2. Nf3 Bg7 3. c4 Nf6 4. Nc3 O-O 5. Bg5 d6 6. e3 c6 7. Be2 Nbd7 8.
O-O Qc7 9. Rc1 e5 10. b4 a6 11. a4 Re8 12. h3 b6 13. dxe5 dxe5 14. Qb3 a5
15. b5 Nc5 16. Qb1 Bf5 17. Qa2 Nfe4 18. Bh4 h6 19. bxc6 Nxc3 20. Rxc3 Qxc6
21. Bg3 Nxa4 22. Ra3 Nc5 23. Nd2 Rad8 24. Bf3 e4 25. Be2 Rd7 26. Rb1 Red8
27. Nf1 Be6 28. Bg4 f5 29. Be2 g5 30. Bh5 Rf8 31. Qc2 f4 32. exf4 gxf4 33.
Bh4 f3 34. g4 Nd3 35. Ne3 Nf4 36. Rab3 Bd4 37. Kh2 Nxh5 38. gxh5 Rg7 39. Bg3
Bc8 40. Nd5 Qe6 {White resigns} 0-1

[Event "ICCopen2017"]
[Site "Internet Chess Club"]
[Date "2017.03.26"]
[Round "2"]
[White "Bishopmate"]
[Black "ehkopean"]
[Result "0-1"]
[ICCResult "White forfeits on time"]
[WhiteElo "1237"]
[BlackElo "1754"]
[Opening "Queen's pawn game"]
[ECO "A46"]
[NIC "QP.06"]
[Time "19:17:27"]
[TimeControl "180+0"]

1. d4 Nf6 2. Nf3 e6 3. g3 b6 4. Bg2 Bb7 5. Nbd2 c5 6. e3 d6 7. a3 Nbd7 8.
O-O Be7 9. b4 O-O 10. dxc5 dxc5 11. bxc5 Nxc5 12. Bb2 Rc8 13. Nb3 Qc7 14.
Nxc5 Qxc5 15. Rc1 Rfd8 16. Qe1 Ba8 17. Nd4 Bxg2 18. Kxg2 Qd5+ 19. Kg1 Qa2
20. Rb1 Bxa3 21. Bxa3 Qxa3 22. Ra1 Qe7 23. Ra2 e5 24. Nf3 Rc7 25. Qa1 Rdc8
26. Rc1 a5 27. Nxe5 Rc3 28. Nf3 Qe4 29. Nd4 Ng4 30. h3 Nxe3 31. fxe3 Qxe3+
32. Kh1 Qxd4 33. Rg1 Qd5+ 34. Kh2 Rxc2+ {White forfeits on time} 0-1

[Event "ICCopen2017"]
[Site "Internet Chess Club"]
[Date "2017.03.26"]
[Round "2"]
[White "dashingfox"]
[Black "octavia"]
[Result "1-0"]
[ICCResult "Black resigns"]
[WhiteElo "1863"]
[BlackElo "2232"]
[Opening "Ruy Lopez: closed, Breyer, Borisenko variation"]
[ECO "C95"]
[NIC "RL.25"]
[Time "19:17:24"]
[TimeControl "180+0"]

1. e4 e5 2. Nf3 Nc6 3. Bb5 a6 4. Ba4 Nf6 5. O-O Be7 6. Re1 b5 7. Bb3 d6 8.
c3 O-O 9. h3 Nb8 10. d4 Nbd7 11. Nbd2 Bb7 12. d5 c6 13. Nf1 Nc5 14. dxc6
Bxc6 15. Bd5 Nxd5 16. exd5 Bb7 17. Be3 f5 18. Bxc5 dxc5 19. Nxe5 Bf6 20. Nc6
Qd6 21. Re6 Qd7 22. Qe2 Rad8 23. Nxd8 Rxd8 24. Re1 Qxd5 25. Re8+ Kf7 26.
Qe6+ Qxe6 27. R8xe6 b4 28. cxb4 cxb4 29. Rb6 Bd5 30. Rxb4 Bxa2 31. Ne3 g6
32. Rb7+ Kg8 33. Ra1 Bf7 34. Rxa6 Bd4 35. Ra3 Rc8 36. Rd3 Be5 37. Rbd7 f4
38. Rd8+ Rxd8 39. Rxd8+ Kg7 40. Ng4 Bxb2 41. Rd7 h5 42. Nh2 Kf6 43. Ra7 Bd4
44. Ra6+ Kf5 45. Nf3 Bf6 46. Ra5+ Ke6 47. Nd2 g5 48. Ne4 Be7 49. Nxg5+ Bxg5
50. Rxg5 Kf6 51. Ra5 Bg6 52. g3 Bf7 53. gxf4 Bg6 54. Rg5 Bf7 55. Kg2 Be6 56.
Kg3 Bf7 57. Kh4 Ke6 58. Rxh5 {Black resigns} 1-0

[Event "ICCopen2017"]
[Site "Internet Chess Club"]
[Date "2017.03.26"]
[Round "2"]
[White "Lzmann"]
[Black "ylr5000"]
[Result "0-1"]
[ICCResult "White forfeits on time"]
[WhiteElo "1594"]
[BlackElo "2288"]
[Opening "Grünfeld: exchange variation"]
[ECO "D85"]
[NIC "GI.03"]
[Time "19:17:25"]
[TimeControl "180+0"]

1. d4 Nf6 2. c4 g6 3. Nc3 d5 4. cxd5 Nxd5 5. g3 Bg7 6. Bg2 Nxc3 7. bxc3 O-O
8. Nf3 c5 9. e3 Nc6 10. O-O cxd4 11. cxd4 Bf5 12. Ba3 Be4 13. Qb3 Qd5 14.
Qxd5 Bxd5 15. Rfb1 b6 16. Rc1 Rac8 17. h4 Rfe8 18. h5 Bf6 19. hxg6 hxg6 20.
Nd2 Bxg2 21. Kxg2 Na5 22. Ne4 Kg7 23. Bb4 Nc4 24. Kf3 Red8 25. Rc2 a5 26.
Be1 Nd6 27. Nxd6 Rxc2 28. Ne4 e5 29. Nxf6 Kxf6 30. dxe5+ Kxe5 31. Kg4 Ke4
32. Rb1 Rd6 33. Rb5 Rc4 34. Rb2 f6 35. Bd2 Kd3+ 36. Kf3 Rc2 37. Rxc2 Kxc2
38. Be1 Rd1 39. Ke2 Ra1 {White forfeits on time} 0-1

[Event "ICCopen2017"]
[Site "Internet Chess Club"]
[Date "2017.03.26"]
[Round "2"]
[White "Spirals"]
[Black "alan2015"]
[Result "1-0"]
[ICCResult "Black forfeits on time"]
[WhiteElo "2194"]
[BlackElo "1527"]
[Opening "Ruy Lopez: Anderssen variation"]
[ECO "C77"]
[NIC "RL.12"]
[Time "19:16:50"]
[TimeControl "180+0"]

1. e4 e5 2. Nf3 Nc6 3. Bb5 a6 4. Ba4 Nf6 5. d3 b5 6. Bb3 Be7 7. O-O d6 8. h3
O-O 9. c3 Na5 10. Bc2 c5 11. Re1 Qc7 12. Nbd2 Nc6 13. a4 Be6 14. Nf1 h6 15.
Ng3 d5 16. exd5 Nxd5 17. axb5 axb5 18. Rxa8 Rxa8 19. Qe2 f6 20. Nh4 Bf8 21.
Nhf5 Qd7 22. Qf3 Rd8 23. h4 Nce7 24. Nxe7+ Nxe7 25. Be3 Nd5 26. Qe2 b4 27.
Ne4 Qc7 28. c4 Nb6 29. b3 f5 30. Nd2 Bf7 31. f3 Nd7 32. Bf2 Bd6 33. g4 fxg4
34. fxg4 Nf6 35. Ne4 Nxe4 36. Qxe4 Qe7 37. h5 Qg5 38. Kf1 Rf8 39. Bd1 Qf6
40. Re2 Be6 41. Kg2 Kh8 42. Ra2 Qg5 43. Bf3 Rf4 44. Ra8+ Bf8 45. Rxf8+ Rxf8
46. Be3 Rxf3 47. Bxg5 Rxd3 48. Qxd3 Bxg4 49. Qd8+ Kh7 50. Kg3
{Black forfeits on time}
1-0

[Event "ICCopen2017"]
[Site "Internet Chess Club"]
[Date "2017.03.26"]
[Round "2"]
[White "DGurevich"]
[Black "eltigrecu"]
[Result "1-0"]
[ICCResult "Black forfeits on time"]
[WhiteElo "2546"]
[BlackElo "1932"]
[Opening "QGD Slav defense"]
[ECO "D10"]
[NIC "SL.01"]
[Time "19:16:52"]
[TimeControl "180+0"]

1. d4 d5 2. c4 c6 3. e3 Nf6 4. Nc3 Bf5 5. cxd5 cxd5 6. Qb3 Qb6 7. Nxd5 Nxd5
8. Qxd5 e6 9. Qb5+ Nc6 10. Nf3 Qc7 11. Bd2 Bd6 12. Be2 O-O 13. O-O Be4 14.
h3 Ne7 15. Rfc1 Qb8 16. Bb4 a6 17. Bxd6 Qxd6 18. Qc5 Qd7 19. Qc7 Qe8 20. Nd2
Nd5 21. Qc5 Bg6 22. Bf3 Qd7 23. Bxd5 exd5 24. Nf3 Rac8 25. Ne5 Qe6 26. Qb4
b5 27. a4 Rb8 28. a5 Rbc8 29. Qd2 Be4 30. Rxc8 Rxc8 31. Rc1 f6 32. Rxc8+
Qxc8 33. Ng4 Qc7 34. Nh2 Qc4 35. Nf1 g5 36. Ng3 Bg6 37. Ne2 h5 38. Ng3 Kh7
39. Qc3 Qxc3 40. bxc3 Bd3 41. f3 Kg6 42. Kf2 h4 43. Ne2 Kf5 44. Ke1 Ke6 45.
Kd2 Bc4 46. Nc1 f5 47. Nd3 Bxd3 48. Kxd3 g4 49. e4 fxe4+ 50. fxe4 gxh3 51.
gxh3 dxe4+ 52. Kxe4 Kd6 53. d5 Kc5 54. Ke5 b4 55. d6 bxc3 56. d7 c2 57. d8=Q
{Black forfeits on time}
1-0

[Event "ICCopen2017"]
[Site "Internet Chess Club"]
[Date "2017.03.26"]
[Round "2"]
[White "Peaceful-Death"]
[Black "panorama"]
[Result "1-0"]
[ICCResult "Black forfeits on time"]
[WhiteElo "2012"]
[BlackElo "1584"]
[Opening "Mieses opening"]
[ECO "A00"]
[NIC "VO.13"]
[Time "19:16:49"]
[TimeControl "180+0"]

1. d3 e5 2. Nf3 d6 3. e4 Be6 4. Nc3 Be7 5. h3 Nf6 6. Be3 c6 7. d4 exd4 8.
Nxd4 Bd7 9. Qd2 O-O 10. g4 b5 11. f3 b4 12. Nce2 a5 13. O-O-O c5 14. Nf5
Bxf5 15. exf5 d5 16. g5 d4 17. Bf4 Nd5 18. h4 Nxf4 19. Qxf4 Qd6 20. Qg4 f6
21. Ng3 Nc6 22. Bc4+ Kh8 23. Ne4 Qd7 24. Be6 Qc7 25. Qh5 Ne5 26. Rhe1 Qd8
27. f4 Nc6 28. gxf6 Bxf6 29. Nxc5 a4 30. Nd7 Re8 31. Nxf6 Qxf6 32. Qg5 Rad8
33. Bd5 Ne7 34. Bc4 Qxg5 35. fxg5 Nxf5 36. Rxe8+ Rxe8 37. Bb5 Rd8 38. Bxa4
Ne3 39. Rh1 g6 40. Bb3 Kg7 41. a3 bxa3 42. bxa3 d3 43. cxd3 Rxd3 44. Kb2
Rd2+ 45. Kb1 Rg2 46. a4 Nf5 47. a5 Nd4 48. Bc2 Nxc2 49. Rc1 Nb4 50. Rc7+ Kf8
51. Rxh7 Ra2 52. Rb7 Rxa5 53. Rxb4 Rf5 54. Rg4 Kf7 55. Kc2 Ke6 56. Kd3 Ke5
57. Ke3 Kd5 58. Re4 Kd6 59. Rf4 Re5+ 60. Kf3 Kd5 61. Kg4 Re3 62. Rf6 Re6 63.
Rf4 {Black forfeits on time} 1-0